 Dungeon Crawl Stone Soup version 0.29-a0-1016-g236c7fd91e (webtiles) character file.

Game seed: 17524935898822737591

4 flotson the Sneak (level 1, -3/18 HPs)
             Began as a Demonspawn Delver on Aug 10, 2022.
             Slain by an orc
             ... wielding a +0 mace
              (6 damage)
             ... on level 3 of the Dungeon.
             The game lasted 00:01:14 (400 turns).

flotson the Sneak (Demonspawn Delver)                Turns: 400, Time: 00:01:15

Health: -3/18      AC:  3    Str: 12    XL:     1   Next: 50%
Magic:  1/1        EV: 12    Int: 11    God:
Gold:   43         SH:  0    Dex: 16    Spells: 0/0 levels left

rFire   + . .      SeeInvis .   h - +6 quarterstaff of the Sun {protect, Contam rF+ rC+ Dex+2}
rCold   + . .      Faith    .   (shield currently unavailable)
rNeg    . . .      Spirit   .   b - +0 leather armour
rPois   .          Reflect  .   (no helmet)
rElec   .          Harm     .   (no cloak)
rCorr   .          Rampage  .   (no gloves)
Will    .....                   (no boots)
Stlth   +++.......              (no amulet)
HPRegen 0.06/turn               (no ring)
MPRegen 0.07/turn               (no ring)

@: no status effects
A: no striking features
a: no special abilities


You were on level 3 of the Dungeon.
You visited 1 branch of the dungeon, and saw 3 of its levels.

You collected 43 gold pieces.

Inventory:

Hand Weapons
 a - a +0 hand axe
 h - the +6 quarterstaff of the Sun (weapon) {protect, Contam rF+ rC+ Dex+2}
   (You found it on level 4 of the Dungeon)

   It grants its wielder temporary protection when it strikes (+7 to AC).
   Dex:       It affects your dexterity (+2).
   rF:        It protects you from fire.
   rC:        It protects you from cold.
   Contam:    It causes magical contamination when unequipped.
Armour
 b - a +0 leather armour (worn)
Wands
 g - a wand of digging (3)
Scrolls
 c - a scroll of fog
 d - 2 scrolls of magic mapping
 e - a scroll of fear
Potions
 f - a potion of haste
 i - a potion of cancellation {unknown}


   Skills:
 + Level 3.0 Fighting
 - Level 1.7 Axes
 + Level 0.2 Armour
 + Level 1.8 Dodging
 - Level 4.5 Stealth
 + Level 0.3 Evocations


You couldn't memorise any spells.
You didn't know any spells.
Your spell library contained the following spells:

 Spells                   Type           Power      Damage    Failure   Level
 Apportation              Tloc           0%         N/A       41%         1
 Alistair's Intoxication  Tmut/Pois      0%         N/A       100%        5


Dungeon Overview and Level Annotations

Branches:
Dungeon (5/15)
 Temple: D:4-7

Altars:


Message History

No target in view!
No target in view!
You hear the hiss of an avalanche of sand nearby.
HP restored.
You see here a jackal skeleton.
Found an escape hatch in the ceiling.
Found 29 gold pieces and a robe.
Found a stone staircase leading up.
Found a stone staircase leading down.
Found 9 gold pieces.
You see here the +6 quarterstaff of the Sun {protect, Contam rF+ rC+ Dex+2}.
Really wield the +6 quarterstaff of the Sun {protect, Contam rF+ rC+ Dex+2}?
You feel agile.
You feel a build-up of mutagenic energy.
The +6 quarterstaff of the Sun {protect, Contam rF+ rC+ Dex+2} hums with potential!
h - the +6 quarterstaff of the Sun (weapon)
{protect, Contam rF+ rC+ Dex+2}
There is an escape hatch in the floor here.
i - a glowing green potion You now have 28 gold pieces (gained 18).
There is an escape hatch in the floor here.
You now have 39 gold pieces (gained 11).
An adder comes into view.
There is a stone staircase leading up here.
You climb upwards.
There is a stone staircase leading down here.
You now have 43 gold pieces (gained 4).
A hobgoblin and 2 orcs come into view.
Found 10 gold pieces.
Found a stone staircase leading down.
The hobgoblin shouts!
The orc shouts! x2
An orc priest comes into view. It is wielding a +0 dagger.
An orc comes into view. It is wielding a +0 hand axe.
The orc priest shouts!
The orc attacks as you move away! The orc hits you with a +0 mace.
The orc attacks as you move away! The orc hits you with a +0 mace.
The orc attacks as you move away! The orc hits you with a +0 mace.
You see here a scroll of magic mapping.
d - 2 scrolls of magic mapping (gained 1)
The orc hits you with a +0 mace.
* * * LOW HITPOINT WARNING * * *
The orc hits you with a +0 mace.
You die...

#.......# .#
#.#..#####.#
#.#........#
#.#......####
#.#..........
#.##......####
#.........##.#
#####...oogo.#
#....###@#
#....# #.#
.....$.......#.#
.....####.##.#.#
>... #.# .#.#
.o. #.# #.# ..
#.# #.# . ..#


You could see an orc priest, 2 orcs and a hobgoblin.

Vanquished Creatures
  3 jackals (D:4)
3 creatures vanquished.

Notes
Turn   | Place    | Note
-------+----------+-------------------------------------------
     0 | D:5      | flotson the Demonspawn Delver began the quest for the Orb.
     0 | D:5      | Reached XP level 1. HP: 18/18 MP: 1/1
   323 | D:4      | Identified the +6 quarterstaff of the Sun {protect, Contam
                  | rF+ rC+ Dex+2}
   387 | D:3      | Noticed an orc priest
   400 | D:3      | Slain by an orc

Illustrated notes

Levels and vault maps discovered:
D:3:      minmay_chambers_of_twos, layout_basic, mainiacjoe_overflow_alcove_1,
          nicolae_hepliaklqana_ecumenical_no_more, serial_shops,
          nicolae_shop_window_shopping
D:4:      layout_rooms, mainiacjoe_overflow_24_doors,
          nicolae_ossuary_entry_plus, uniq_ijyb
D:5:      wander_river, layout_gridville

Action                   || total
-------------------------++-------
Melee: Hand axe          ||    16
Armor: Leather armour    ||     5
Dodge: Dodged            ||     9

Table legend: (Time is in decaauts)
 A = Elapsed time spent in this place.
 B = Non-inter-level travel time spent in this place.
 C = Inter-level travel time spent in this place.
 D = Time resting spent in this place.
 E = Time spent auto-exploring this place.
 F = Levels seen in this place.
 G = Mean time per level.
                   A        B        C        D        E       F      G
               +--------+--------+--------+--------+--------+-----+--------+
         Total |    402 |    392 |     10 |      0 |    309 |   3 |  134.0 |
       Dungeon |    402 |    392 |     10 |      0 |    309 |   3 |  134.0 |
               +--------+--------+--------+--------+--------+-----+--------+

Top non-repeatable levels by time:
     D:4: 298 daAuts
     D:5: 60 daAuts
     D:3: 43 daAuts
